 Dungeon Crawl Stone Soup version 0.28.0-53-g5a82cb258f (webtiles) character file.

Game seed: 6708262513693575040

110653 jjjjhere the Peltast (level 16, 0/151 HPs)
             Began as a Minotaur Fighter on Aug 20, 2022.
             Was the Champion of Qazlal.
             Slain by a caustic shrike simulacrum (17 damage)
             ... in an ice cave.
             The game lasted 00:38:17 (20977 turns).

jjjjhere the Peltast (Minotaur Fighter)            Turns: 20977, Time: 00:38:18

Health: 0/151      AC: 21    Str: 26    XL:     16   Next: 7%
Magic:  24/24      EV:  9    Int: 12    God:    Qazlal [******]
Gold:   2046       SH: 46    Dex: 21    Spells: 15/15 levels left

rFire   + . .      SeeInvis .   J - +9 broad axe of the Living Dead {elec, rN+ Str-3 Dex+6 Stlth+}
rCold   + + .      Faith    .   O - +18 shield of the Gong {rElec rN+ Will+ EV-5}
rNeg    + + .      Spirit   .   i - +2 plate armour of Quwno {rElec rPois Regen+ Dex+3}
rPois   +          Reflect  +   (helmet restricted)
rElec   +          Harm     .   P - scarf {rC+ rF+}
rCorr   .          Rampage  .   (no gloves)
Will    ++...                   M - +1 pair of boots
Stlth   ..........              S - amulet of reflection
HPRegen 1.15/turn               p - ring of Ginky {*Corrode Int+6 Slay+5 Stlth+}
MPRegen 0.19/turn               c - ring of the Octopus King {Wiz AC+1 EV+1 Str+1 Int+1 Dex+1}

@: protected from cold, studying Earth Magic, repel missiles
A: horns 2, retaliatory headbutt
a: Renounce Religion, Upheaval, Elemental Force, Disaster Area


You were in an ice cave.
You worshipped Qazlal.
Qazlal was exalted by your worship.
You visited 3 branches of the dungeon, and saw 23 of its levels.
You also visited: Ossuary and Ice Cave.

You collected 2046 gold pieces.

Inventory:

Hand Weapons
 r - a +0 eveningstar of protection
 x - a +2 spear of venom
 J - the +9 broad axe of the Living Dead (weapon) {elec, rN+ Str-3 Dex+6 Stlth+}
   (You acquired it on level 14 of the Dungeon)

   It occasionally discharges a powerful burst of electricity upon striking a
   foe.
   Str:       It affects your strength (-3).
   Dex:       It affects your dexterity (+6).
   rN:        It protects you from negative energy.
   Stlth:     It makes you more stealthy.
 Z - a +2 vampiric war axe
Missiles
 y - 6 throwing nets (quivered)
 N - 3 datura-tipped darts
 R - 3 silver boomerangs
Armour
 i - the +2 plate armour of Quwno (worn) {rElec rPois Regen+ Dex+3}
   (You found it on level 6 of the Lair of Beasts)

   Dex:       It affects your dexterity (+3).
   rElec:     It insulates you from electricity.
   rPois:     It protects you from poison.
   Regen:     It increases your rate of health regeneration.
 M - a +1 pair of boots (worn)
 O - the +18 shield of the Gong (worn) {rElec rN+ Will+ EV-5}
   (You found it on level 8 of the Dungeon)

   It is deafeningly noisy when blocking attacks.
   EV:        It affects your evasion (-5).
   rElec:     It insulates you from electricity.
   rN:        It protects you from negative energy.
   Will:      It increases your willpower.
 P - a scarf of resistance (worn)
Jewellery
 c - a ring of the Octopus King (right hand) {Wiz AC+1 EV+1 Str+1 Int+1 Dex+1}
   (You found it on level 13 of the Dungeon)

   [ring of wizardry]

   It improves your spell success rate.
   AC:        It affects your AC (+1).
   EV:        It affects your evasion (+1).
   Str:       It affects your strength (+1).
   Int:       It affects your intelligence (+1).
   Dex:       It affects your dexterity (+1).
 k - a ring of protection from fire
 p - the ring of Ginky (left hand) {*Corrode Int+6 Slay+5 Stlth+}
   (You found it on level 3 of the Dungeon)

   [ring of intelligence]

   Int:       It affects your intelligence (+6).
   Slay:      It affects your accuracy & damage with ranged weapons and melee
   (+5).
   *Corrode:  It may corrode you when you take damage.
   Stlth:     It makes you more stealthy.
 z - a ring of willpower
 D - a ring of positive energy
 F - a ring of flight
 S - an amulet of reflection (around neck)
 X - a +4 ring of evasion
Wands
 l - a wand of iceblast (18)
 w - a wand of flame (95)
 E - a wand of paralysis (12)
 L - a wand of mindburst (4)
 U - a wand of acid (11)
 V - a wand of digging (7)
Scrolls
 e - 3 scrolls of brand weapon
 f - a scroll of enchant weapon
 h - a scroll of silence
 j - 2 scrolls of fear
 s - 4 scrolls of fog
 t - 9 scrolls of teleportation
 A - 2 scrolls of immolation
 G - a scroll of enchant armour
 H - 4 scrolls of magic mapping
Potions
 b - 5 potions of magic
 d - 2 potions of might
 g - a potion of ambrosia {unknown}
 m - 4 potions of haste
 n - 3 potions of heal wounds
 o - 12 potions of curing
 q - 2 potions of mutation
 v - 2 potions of flight
 B - 3 potions of cancellation
 I - 4 potions of invisibility
 K - 2 potions of berserk rage {unknown}
 T - 4 potions of resistance {unknown}
 W - 2 potions of attraction {unknown}
 Y - a potion of lignification {unknown}
Miscellaneous
 a - a lightning rod (4/4)
 u - a tin of tremorstones (2/2)
 C - a piece from Xom's chessboard (15/15)
 Q - a lightning rod (4/4)


   Skills:
 - Level 16.0 Fighting
 + Level 16.4 Axes
 + Level 13.0 Armour
 - Level 9.6 Dodging
 + Level 16.5 Shields
 + Level 12.2 Invocations


You had 15 spell levels left.
You didn't know any spells.
Your spell library contained the following spells:

 Spells                   Type           Power      Damage    Failure   Level
 Animate Skeleton         Necr           0%         N/A       82%         1
 Apportation              Tloc           0%         N/A       82%         1
 Shock                    Conj/Air       0%         1d3       82%         1
 Summon Small Mammal      Summ           0%         N/A       82%         1
 Corpse Rot               Necr/Air       0%         N/A       91%         2
 Poisonous Vapours        Pois/Air       0%         N/A       91%         2
 Sublimation of Blood     Necr           0%         N/A       91%         2
 Wereblood                Tmut           0%         N/A       91%         2
 Inner Flame              Hex/Fire       0%         N/A       99%         3
 Ozocubu's Armour         Ice            0%         N/A       99%         3
 Swiftness                Air            0%         N/A       99%         3
 Airstrike                Air            0%         N/A       100%        4
 Cause Fear               Hex            0%         N/A       100%        4
 Dispel Undead            Necr           0%         3d6       100%        4
 Petrify                  Tmut/Erth      0%         N/A       100%        4
 Alistair's Intoxication  Tmut/Pois      0%         N/A       100%        5
 Irradiate                Conj/Tmut      0%         3d14      100%        5
 Death Channel            Necr           0%         N/A       100%        6
 Dragon Form              Tmut           0%         N/A       100%        7
 Ozocubu's Refrigeration  Ice            0%         4d5       100%        7
 Summon Hydra             Summ           0%         N/A       100%        7
 Discord                  Hex            0%         N/A       100%        8
 Dragon's Call            Summ           0%         N/A       100%        9


Dungeon Overview and Level Annotations

Branches:
Dungeon (15/15)            Temple (0/1) D:7            Lair (6/6) D:9
  Swamp (0/4) Lair:4       Spider (0/4) Lair:2        Slime (0/5) Lair:5
    Orc (2/2) D:11            Elf (0/3) Orc:2        Vaults (0/5) D:13
Ossuary (visited)           IceCv (1/1)
 Depths: D:15

Altars:
Gozag
Nemelex Xobeh
Qazlal
Sif Muna
Trog
Vehumet
Wu Jian
Xom
Yredelemnul
The Shining One
Beogh
Jiyva

Shops:
D:2 :   Orc:2 *[:![(

Annotations:
D:8 3 runed translucent doors, BuzzyBeetle's ghost, novice KoAM
Lair:1 3 runed translucent doors, styxcanada's ghost, novice SpBr
Lair:3 2 transporters, Alliumium's ghost, journeyman MiFi
Lair:5 1 runed translucent door


Innate Abilities, Weirdness & Mutations

You have a pair of horns on your head.
You reflexively headbutt those who attack you in melee.


Message History

You block the caustic shrike simulacrum's attack.
BONNNG!
You hit the Ice Fiend but do no damage. You hit the caustic shrike simulacrum.
You block the Ice Fiend's attack.
GONNNNG!
You block the Ice Fiend's attack.
PANG!
The Ice Fiend calls on the powers of darkness!
Your body is wracked with pain!
The caustic shrike simulacrum claws you!
The caustic shrike simulacrum freezes you!
You resist.
You slash the Ice Fiend!
Lightning courses through the Ice Fiend!
You headbutt the Ice Fiend!
The Ice Fiend is heavily wounded.
You closely miss the caustic shrike simulacrum.
You block the caustic shrike simulacrum's attack.
BONNNG!
The Ice Fiend claws you! The Ice Fiend freezes you!! You resist.
You feel protected from cold.
* * * LOW HITPOINT WARNING * * *
You block the Ice Fiend's attack.
BONNNG!
The caustic shrike simulacrum claws you.
* * * LOW HITPOINT WARNING * * *
The caustic shrike simulacrum freezes you!
You resist.
* * * LOW HITPOINT WARNING * * *
You feel much better.
You block the caustic shrike simulacrum's attack.
GONNNNG!
The Ice Fiend calls on the powers of darkness!
Your body is wracked with pain!
* * * LOW HITPOINT WARNING * * *
The Ice Fiend calls on the powers of darkness!
Your body is wracked with pain!
* * * LOW HITPOINT WARNING * * *
The caustic shrike simulacrum claws you!
You die...

#.'.......+
###.8...8.#
#.'.......+
###.8...8.###
+...........
###.8...8.###
#.'.......'.#
###.8.○.8.###
#.'....1@Z'.#
######☼######
1. 8.# ##


You could see 2 Ice Fiends and a caustic shrike simulacrum.

Vanquished Creatures
  Rupert (D:15)
  2 orc warlords
  Louise (D:15)
  2 dire elephants (Lair:6)
  A yaktaur captain (D:13)
  Erolcha (Orc:1)
  3 caustic shrike simulacra (IceCv)
  7 hydras
  4 ogre magi
  Erica (Orc:1)
  23 two-headed ogres
  5 boulder beetles
  2 death knights
  A catoblepas (Lair:3)
  A centaur warrior (D:14)
  13 death yaks
  A spectral dire elephant (Lair:6)
  Urug (Lair:5)
  2 orc high priests (Orc:2)
  Nergalle (Orc:1)
  A spectral death yak (Lair:6)
  3 skeletal warriors
  2 deep trolls
  A spectral anaconda (Lair:6)
  A deep elf archer (Orc:1)
  A bog body (IceCv)
  A spriggan simulacrum (D:15)
  A phantasmal warrior (D:13)
  A wizard (D:13)
  3 obsidian statues
  3 deep elf pyromancers
  A deep elf zephyrmancer (Orc:2)
  An orc sorcerer (Orc:1)
  3 necromancers (Lair:6)
  2 orc knights
  10 ugly things
  7 cyclopes
  2 manticores
  Maurice (Orc:1)
  A black mamba (Lair:6)
  2 gargoyles (D:12)
  10 elephants
  2 vault sentinels (D:8)
  2 dire elephant zombies (Lair:6)
  Maggie (D:8)
  A torpor snail (Lair:6)
  A cane toad (shapeshifter) (D:14)
  14 cane toads
  3 rime drakes
  2 unseen horrors (D:13)
  3 freezing wraiths
  2 yaktaurs (D:13)
  An efreet (D:15)
  7 komodo dragons
  An ice devil (IceCv)
  2 entropy weaver simulacra (D:15)
  A golden dragon simulacrum (IceCv)
  14 trolls
  4 polar bears
  2 hornets (D:8)
  Prince Ribbit (D:8)
  3 slime creatures (D:13)
  A spectral elephant (Lair:6)
  13 blink frogs
  2 dream sheep (Lair:6)
  A jumping spider (Lair:2)
  A jumping spider (shapeshifter) (D:14)
  Sigmund (D:2)
  6 culicivoras
  A vampire (D:11)
  4 wyverns
  6 wraiths
  2 dire elephant simulacra
  48 yaks
  3 basilisks
  2 redbacks (Lair:2)
  3 spectral cane toads (Lair:6)
  A minotaur simulacrum (D:15)
  Menkaure (D:7)
  A harpy simulacrum (D:15)
  3 hydra simulacra (IceCv)
  12 water moccasins
  Duvessa (D:7)
  An ettin simulacrum (IceCv)
  An ice beast (D:6)
  23 ogres
  22 orc warriors
  A black bear (Lair:5)
  2 alligator simulacra
  2 elephant zombies (Lair:6)
  8 wolves
  3 centaurs
  A kobold brigand (D:7)
  A phantom (D:5)
  15 bullfrogs
  3 gnoll sergeants
  A cane toad simulacrum (Lair:6)
  A scorpion (D:6)
  2 deep troll simulacra
  2 wyvern zombies
  A wyvern skeleton (D:5)
  Dowan (D:7)
  2 elephant simulacra (Lair:6)
  5 killer bees (D:10)
  8 wights
  2 electric eels
  A howler monkey (D:9)
  5 centaur zombies
  A bullfrog zombie (D:6)
  3 hounds
  A gnoll shaman (D:5)
  5 jellies
  13 orc priests
  A centaur skeleton (D:6)
  Terence (D:2)
  2 iguanas
  17 orc wizards
  14 hell rats
  4 mummies (Ossuary)
  A howler monkey zombie (D:8)
  18 gnolls
  5 adders
  3 shadow imps
  2 ufetubi
  An adder skeleton (D:4)
  A worm (D:3)
  2 dart slugs
  59 orcs
  6 endoplasms
  5 giant cockroaches
  6 goblins
  12 hobgoblins
  7 jackals
  7 quokkas
  A ball python (D:2)
  9 bats
  4 frilled lizards
  4 hobgoblin zombies (Ossuary)
  12 kobolds
  5 rats
  A butterfly (D:6)
658 creatures vanquished.

Vanquished Creatures (others)
  An orc wizard (D:4)
  An orc (Orc:2)
  28 fungi
  39 plants
  39 withered plants
108 creatures vanquished.

Grand Total: 766 creatures vanquished

Notes
Turn   | Place    | Note
-------+----------+-------------------------------------------
     0 | D:1      | jjjjhere the Minotaur Fighter began the quest for the Orb.
     0 | D:1      | Reached XP level 1. HP: 19/19 MP: 0/0
   201 | D:1      | Reached XP level 2. HP: 27/27 MP: 1/1
   328 | D:1      | Found a faded altar of an unknown god.
   364 | D:1      | Prayed at the altar of an unknown god.
   364 | D:1      | Became a worshipper of Qazlal Stormbringer
   364 | D:1      | Reached * piety under Qazlal
   590 | D:1      | Reached XP level 3. HP: 29/33 MP: 2/2
  1172 | D:2      | Noticed Terence
  1176 | D:2      | Killed Terence
  1177 | D:2      | Reached XP level 4. HP: 40/40 MP: 3/3
  1295 | D:2      | Noticed Sigmund
  1302 | D:2      | Killed Sigmund
  1303 | D:2      | Reached skill level 5 in Axes
  1303 | D:2      | Reached skill level 5 in Shields
  1303 | D:2      | Reached XP level 5. HP: 38/47 MP: 4/4
  1516 | D:2      | Reached ** piety under Qazlal
  1534 | D:2      | Found Irchias's Book Emporium.
  1862 | D:2      | Reached XP level 6. HP: 53/53 MP: 5/5
  2548 | D:3      | Identified the ring of Ginky {*Corrode Int+6 Slay+5 Stlth+}
  2908 | D:4      | Found a shimmering blue altar of Sif Muna.
  2996 | D:4      | Found an opulent altar of Gozag.
  3451 | D:4      | Found a sparkling altar of Nemelex Xobeh.
  3491 | D:5      | Entered Level 5 of the Dungeon
  3492 | D:5      | Reached *** piety under Qazlal
  3522 | D:5      | Reached XP level 7. HP: 42/60 MP: 6/6
  3528 | D:5      | Reached skill level 5 in Fighting
  3646 | D:5      | Found a bloodstained altar of Trog.
  3736 | D:5      | Noticed a troll
  3743 | D:5      | Killed a troll
  3744 | D:5      | Reached XP level 8. HP: 59/68 MP: 7/7
  3861 | D:4      | Reached skill level 10 in Axes
  4016 | D:5      | HP: 22/69 [gnoll sergeant/+2 spear of venom (5)]
  5058 | D:6      | Found a shimmering altar of Xom.
  5388 | D:7      | Noticed Duvessa
  5393 | D:7      | Noticed Dowan
  5395 | D:7      | Killed Duvessa
  5400 | D:7      | Killed Dowan
  5494 | D:7      | Reached **** piety under Qazlal
  5495 | D:7      | Reached XP level 9. HP: 63/75 MP: 8/8
  5782 | D:7      | Noticed Menkaure
  5787 | D:7      | Killed Menkaure
  5825 | D:7      | Found a staircase to the Ecumenical Temple.
  5939 | D:7      | Found a sand-covered staircase.
  5945 | Ossuary  | Entered an ossuary
  6537 | D:8      | Noticed Prince Ribbit
  6552 | D:8      | Killed Prince Ribbit
  6767 | D:8      | Noticed Maggie
  6779 | D:8      | Killed Maggie
  6969 | D:8      | Found a runed translucent gate.
  6969 | D:8      | Found a runed translucent gate.
  6971 | D:8      | Found a runed translucent gate.
  7009 | D:8      | Noticed BuzzyBeetle's ghost (novice KoAM)
  7016 | D:8      | HP: 24/78 [electric eel/bolt of electricity (14)]
  7352 | D:8      | Paralysed by a hornet for 2 turns
  7744 | D:8      | Noticed a vault sentinel
  7744 | D:8      | Noticed a vault sentinel
  7790 | D:8      | Killed a vault sentinel
  7791 | D:8      | Reached XP level 10. HP: 72/86 MP: 4/9
  7797 | D:8      | Killed a vault sentinel
  7798 | D:8      | Reached skill level 1 in Invocations
  7939 | D:8      | Found the +18 shield of the Gong {rElec rN+ Will+ EV-5}
  8267 | D:9      | Noticed a death yak
  8269 | D:9      | Noticed a death yak
  8270 | D:9      | Noticed a death yak
  8299 | D:9      | Killed a death yak
  8306 | D:9      | Killed a death yak
  8307 | D:9      | Reached skill level 15 in Axes
  8319 | D:9      | Killed a death yak
  8342 | D:9      | Identified the +3 scale mail of Grim Creativity {rPois rF+}
  8416 | D:9      | Found a staircase to the Lair.
  8464 | D:9      | Found an ornate altar of the Wu Jian Council.
  8998 | Lair:1   | Entered Level 1 of the Lair of Beasts
  9015 | Lair:1   | Found a runed translucent gate.
  9016 | Lair:1   | Found a runed translucent gate.
  9017 | Lair:1   | Found a runed translucent gate.
  9022 | Lair:1   | Noticed styxcanada's ghost (novice SpBr)
  9024 | Lair:1   | Noticed an elephant
  9047 | Lair:1   | Noticed a cane toad
  9064 | Lair:1   | Killed a cane toad
  9073 | Lair:1   | Reached XP level 11. HP: 95/95 MP: 12/12
  9514 | Lair:1   | You fall into a shaft and drop 1 floor!
  9546 | Lair:2   | Reached skill level 5 in Invocations
  9845 | Lair:2   | Reached skill level 10 in Shields
  9857 | Lair:2   | Reached skill level 10 in Fighting
  9858 | Lair:2   | Noticed a four-headed hydra
 10099 | Lair:1   | Killed a four-headed hydra
 10153 | Lair:2   | Noticed a seven-headed hydra
 10227 | Lair:2   | Reached ***** piety under Qazlal
 10274 | Lair:2   | Killed a seven-headed hydra
 10488 | Lair:2   | Reached XP level 12. HP: 110/110 MP: 16/16
 10768 | Lair:2   | Found a hole to the Spider Nest.
 10786 | Lair:2   | Reached skill level 1 in Dodging
 11167 | Lair:3   | Noticed a catoblepas
 11180 | Lair:3   | Killed a catoblepas
 11272 | Lair:3   | Noticed Alliumium's ghost (journeyman MiFi)
 11381 | Lair:3   | Noticed a five-headed hydra
 11385 | Lair:3   | Killed a five-headed hydra
 11386 | Lair:3   | Reached skill level 5 in Armour
 11427 | Lair:3   | Found a transporter.
 11670 | Lair:3   | Identified the +4 ring mail "Sitsos" {rC+ Str+3}
 11733 | Lair:3   | Found a transporter.
 12024 | Lair:4   | Noticed a seven-headed hydra
 12090 | Lair:4   | Noticed a four-headed hydra
 12144 | Lair:4   | Killed a seven-headed hydra
 12354 | Lair:4   | Found a staircase to the Swamp.
 12377 | Lair:4   | Killed a four-headed hydra
 12894 | Lair:5   | Reached XP level 13. HP: 112/119 MP: 18/18
 12917 | Lair:5   | Reached skill level 5 in Dodging
 13064 | Lair:5   | Found a runed translucent door.
 13064 | Lair:5   | Found a viscous altar of Jiyva.
 13069 | Lair:5   | Found a staircase to the Slime Pits.
 13602 | Lair:6   | Entered Level 6 of the Lair of Beasts
 13635 | Lair:6   | Noticed Urug
 13647 | Lair:5   | Killed Urug
 13705 | Lair:6   | Reached ****** piety under Qazlal
 14269 | Lair:6   | Noticed a dire elephant
 14270 | Lair:6   | Noticed a dire elephant
 14645 | Lair:6   | Killed a dire elephant
 14646 | Lair:6   | Reached XP level 14. HP: 117/130 MP: 13/20
 14900 | Lair:6   | Reached skill level 10 in Invocations
 14947 | Lair:6   | Identified the +2 plate armour of Quwno {rElec rPois Regen+
                  | Dex+3}
 15213 | D:10     | Entered Level 10 of the Dungeon
 15812 | D:10     | Found a radiant altar of Vehumet.
 15876 | D:10     | Found a basalt altar of Yredelemnul.
 15925 | D:10     | Found a glowing golden altar of the Shining One.
 16053 | D:11     | Found a staircase to the Orcish Mines.
 17364 | Orc:1    | Entered Level 1 of the Orcish Mines
 17404 | Orc:2    | Entered Level 2 of the Orcish Mines
 17436 | Orc:2    | Noticed an orc warlord
 17437 | Orc:2    | HP: 38/132 [deep troll (12)]
 17440 | Orc:1    | HP: 11/133 [deep troll (11)]
 17445 | Orc:1    | HP: 18/133 [deep troll (5)]
 17450 | Orc:1    | Reached skill level 10 in Armour
 17581 | D:11     | Killed an orc warlord
 17664 | Orc:2    | Identified the +9 scimitar "Turr" {venom, *Corrode Will+++
                  | Str+3 SInv}
 17708 | Orc:1    | Reached skill level 15 in Shields
 17716 | Orc:1    | Reached XP level 15. HP: 139/139 MP: 22/22
 17718 | Orc:1    | Reached skill level 15 in Fighting
 18168 | Orc:2    | Found a staircase to the Elven Halls.
 18305 | Orc:2    | Noticed an orc warlord
 18331 | Orc:2    | Killed an orc warlord
 18368 | Orc:2    | Found Vututet's Antique Armour Boutique.
 18379 | Orc:2    | Found Pycaobea's Distillery.
 18380 | Orc:2    | Found Riopacyga's Assorted Antiques.
 18381 | Orc:2    | Found Gekurgh's Antique Armour Shop.
 18382 | Orc:2    | Found Huwiegaz's Book Shoppe.
 18651 | Orc:2    | Found Vutiod's Weapon Emporium.
 18839 | Orc:1    | Noticed Maurice
 18846 | Orc:1    | Killed Maurice
 19002 | Orc:1    | Noticed Erica
 19007 | Orc:1    | Killed Erica
 19186 | Orc:1    | Noticed Erolcha
 19186 | Orc:1    | Noticed Nergalle
 19191 | Orc:1    | Killed Nergalle
 19197 | Orc:1    | Killed Erolcha
 19649 | D:13     | Found a gate to the Vaults.
 19985 | D:13     | Found the ring of the Octopus King
 19995 | D:13     | Identified a ring of the Octopus King {Wiz AC+1 EV+1 Str+1
                  | Int+1 Dex+1}
 20427 | D:14     | Identified a scroll of acquirement
 20427 | D:14     | Acquired the +9 broad axe of the Living Dead {elec, rN+
                  | Str-3 Dex+6 Stlth+}
 20689 | D:14     | Found a bloodstained altar of Trog.
 20733 | D:15     | Entered Level 15 of the Dungeon
 20734 | D:15     | Found a frozen archway.
 20758 | D:15     | Noticed Rupert
 20764 | D:15     | Noticed Louise
 20766 | D:15     | Killed Rupert
 20773 | D:15     | Killed Louise
 20788 | IceCv    | Entered an ice cave
 20808 | IceCv    | Reached XP level 16. HP: 111/151 MP: 24/24
 20972 | IceCv    | Noticed an Ice Fiend
 20974 | IceCv    | Noticed an Ice Fiend
 20976 | IceCv    | HP: 30/151 [Ice Fiend (20)]
 20977 | IceCv    | Slain by a caustic shrike simulacrum

Illustrated notes

Levels and vault maps discovered:
D:1:      dpeg_arrival_round_b, layout_basic,
          shapermc_ecumenical_altar_totnotflames, minmay_tromino_i4
D:2:      minmay_wonky_spiral, layout_basic, serial_shops, shop_fountains,
          uniq_terence, uniq_sigmund
D:3:      layout_basic, st_stairs_5
D:4:      layout_basic, nemelex_diamond_rough_becter, grunt_gozag_statues,
          mainiacjoe_overflow_alcove_1, wad_floor_pattern_untrapped
D:5:      layout_cave_pools, lightli_temple_of_fire
D:6:      layout_basic, xom_butterflies
D:7:      layout_cave_pods, minmay_temple_entry_gardened_gates, serial_rivers,
          chequers_serial_rivers_micro_c, chequers_serial_rivers_small_3,
          chequers_serial_rivers_room_b, chequers_serial_rivers_small_a,
          chequers_serial_rivers_micro_b, nicolae_ossuary_entry_plus,
          uniq_duvessa, uniq_menkaure
D:8:      layout_basic, gammafunk_ghost_icy, grunt_ogre_cave,
          serial_bayou_lagoon_a, hellmonk_guarded_unrand_gong,
          uniq_prince_ribbit1, uniq_maggie
D:9:      layout_long_grid, mainiacjoe_overflow_tiny_flanked, dpeg_lair_monsters
D:10:     layout_gridville, mainiacjoe_overflow_surrounded_room, minitemple
D:11:     layout_roguey, minmay_orc_entry_temple_small,
          chequers_serial_rivers_micro_b
D:12:     layout_loops_ring, amethyst_killhole, moated_statue
D:13:     layout_irregular_city, david_vaults_2
D:14:     layout_rooms, trog_hazing_becter
D:15:     gammafunk_depths_entry_grave, layout_gridville,
          portal_ice_cave_entry_ice_simulacra, gauntlet_entry_generic,
          minmay_misc_feat_chi, special_room [special_room_orc], uniq_kirke,
          uniq_louise, uniq_rupert
Lair:1:   layout_chaotic_city, gammafunk_ghost_split
Lair:2:   layout_chaotic_city, nicolae_spider_entry_tight_spaces
Lair:3:   layout_loops_ring, gammafunk_ghost_berserking_beasts
Lair:4:   layout_misc_corridors, swamp_mist_pool, st_stairs_13
Lair:5:   layout_regular_city, slime_altar_2, gammafunk_lair_bear_cave
Lair:6:   due_jungle_book, layout_gridlike, grunt_megastairs_1, uniq_urug
Orc:1:    nicolae_orc_accident_1, layout_diamond_mine, nicolae_orc_lost_temple,
          uniq_erolcha, uniq_erica, uniq_maurice, uniq_nergalle
Orc:2:    st_orc_open, layout_caves, serial_shops, nicolae_shop_window_shopping,
          nicolae_shop_crystal, shop, elf_legates
IceCv:    ice_cave_tombish

Skill      XL: |  1  2  3  4  5  6  7  8  9 10 11 12 13 14 15 16 |
---------------+-------------------------------------------------+-----
Fighting       | 4 5 6 7 8 11 12 13 14 16 | 16.0
Shields        | 4 5 6 7 9 11 12 13 15 16 | 16.5
Axes           | 3 4 5 6 7 9 12 14 15 16 | 16.4
Invocations    | 3 6 8 9 10 12 | 12.2
Dodging        | 4 7 9 |  9.6
Armour         | 6 8 10 12 13 | 13.0

Action                   |  1- 3 |  4- 6 |  7- 9 | 10-12 | 13-15 | 16-18 || total
-------------------------+-------+-------+-------+-------+-------+-------++-------
Melee: War axe           |    53 |   101 |   216 |   432 |   707 |       ||  1509
       Headbutt          |     9 |     9 |    55 |   106 |   230 |    18 ||   427
       Spear             |       |       |       |    28 |    10 |       ||    38
       Broad axe         |       |       |       |       |    73 |    41 ||   114
Invok: Upheaval          |       |       |     3 |     3 |     6 |       ||    12
       Disaster Area     |       |       |       |       |     4 |       ||     4
  Use: Scroll            |       |       |     6 |    11 |     9 |       ||    26
       Potion            |       |       |       |       |     1 |     1 ||     2
Armor: Scale mail        |    17 |       |       |       |       |       ||    17
       Plate armour      |    19 |    50 |    94 |    57 |   131 |     6 ||   357
Dodge: Dodged            |    32 |    21 |    46 |     5 |    79 |     3 ||   186
       Repelled          |       |       |       |       |     4 |       ||     4
Block: Buckler           |    27 |    35 |   110 |     1 |       |       ||   173
       Kite shield       |       |       |       |   493 |  1140 |    55 ||  1688
       Reflection        |       |       |       |       |    47 |       ||    47
